 Dungeon Crawl Stone Soup version 0.25.1-2-g60ff931df9 (webtiles) character file.

Game seed: 4876642846797982499

3581 raphialitos the Thaumaturge (level 9, -1/52 HPs)
             Began as a Deep Elf Conjurer on Sept 29, 2020.
             Was a Follower of Sif Muna.
             Slain by a two-headed ogre
             ... wielding a +0 dire flail
              (18 damage)
             ... on level 7 of the Dungeon on Oct 6, 2020.
             The game lasted 00:33:17 (9241 turns).

raphialitos the Thaumaturge (Deep Elf Conjurer)     Turns: 9241, Time: 00:33:18

Health: -1/52      AC:  7    Str:  5    XL:     9   Next: 84%
Magic:  1/8        EV: 20    Int: 27    God:    Sif Muna [*.....]
Gold:   388        SH:  0    Dex: 15    Spells: 12/26 levels left

rFire    . . .     SeeInvis .   r - +6 flail "Relaz" {antimagic, rN+ MR++}
rCold    + + .     Gourm    .   (no shield)
rNeg     + + .     Faith    .   p - +1 robe {rN+}
rPois    .         Spirit   .   e - +1 helmet {Int+3}
rElec    .         Reflect  .   (no cloak)
rCorr    .         Harm     .   (no gloves)
MR       ++...     Rnd*Tele +   y - +1 pair of boots
Stlth    +++.......             (no amulet)
HPRegen  0.17/turn              x - ring of Paim {*Tele rC++}
MPRegen  0.11/turn              F - +4 ring of evasion

@: no status effects
A: no striking features
a: Channel Magic, Renounce Religion


You were on level 7 of the Dungeon.
You worshipped Sif Muna.
Sif Muna was aware of your devotion.
You were not hungry.

You visited 2 branches of the dungeon, and saw 9 of its levels.

You collected 388 gold pieces.

Inventory:

Hand Weapons
 b - a +0 dagger of venom
 r - the +6 flail "Relaz" (weapon) {antimagic, rN+ MR++}
   (You found it on level 7 of the Dungeon)

   It reduces the magical energy of the wielder, and disrupts the spells and
   magical abilities of those hit.
   Natural abilities and divine invocations are not affected.
   It protects you from negative energy.
   It affects your resistance to hostile enchantments.
 v - a +2 scythe of protection
Missiles
 i - 141 arrows
 k - 21 poisoned darts (quivered)
 l - 65 sling bullets
 t - 5 boomerangs
 G - 2 silver boomerangs
Armour
 a - a +0 robe
 e - a +1 helmet of intelligence (worn)
 p - a +1 robe of positive energy (worn)
 y - a +1 pair of boots (worn)
Jewellery
 w - an uncursed ring of stealth
 x - the ring of Paim (left hand) {*Tele rC++}
   (You found it on level 5 of the Dungeon)

   [ring of teleportation]

   It may teleport you next to monsters.
   It greatly protects you from cold.
 F - a +4 ring of evasion (right hand)
Wands
 z - a wand of clouds (3)
 A - a wand of flame (11)
Scrolls
 j - 4 scrolls of identify
 m - 5 scrolls of remove curse
 n - a scroll of fear
 B - a scroll of immolation
 C - a scroll of blinking
Potions
 d - a potion of berserk rage
 f - 5 potions of brilliance
 g - 3 potions of curing
 h - 2 potions of lignification
 o - 2 potions of might
 q - 2 potions of invisibility
 s - 2 potions of heal wounds
 u - a potion of flight
 D - 2 potions of haste {unknown}
 E - a potion of mutation
Comestibles
 c - 9 rations


   Skills:
 + Level 3.7 Fighting
 + Level 0.7 Short Blades
 + Level 2.0 Maces & Flails
 + Level 3.4 Polearms
 + Level 7.0 Dodging
 + Level 5.2 Stealth
 + Level 9.3 Spellcasting
 + Level 8.7 Conjurations
 + Level 3.3 Hexes
 + Level 0.6 Evocations


You had 12 spell levels left.
You knew the following spells:

 Your Spells              Type           Power        Failure   Level  Hunger
a - Magic Dart            Conj           ####         1%          1    None
b - Searing Ray           Conj           ######       1%          2    None
c - Dazzling Flash        Conj/Hex       #####.       1%          3    None
d - Fulminant Prism       Conj/Hex       #####.....   3%          4    None
e - Iskenderun's Mystic   Conj/Tloc      #####...     8%          4    None

Your spell library contained the following spells:

 Spells                   Type           Power        Failure   Level  Hunger


Dungeon Overview and Level Annotations

Branches:
Dungeon (8/15)             Temple (1/1) D:5
   Lair: D:8-11

Altars:
Ashenzari
Cheibriados
Dithmenos
Elyvilon
Fedhas
Gozag
Hepliaklqana
Kikubaaqudgha
Makhleb
Nemelex Xobeh
Okawaru
Qazlal
Ru
Sif Muna
Trog
Uskayaw
Vehumet
Wu Jian
Xom
Yredelemnul
Zin
The Shining One

Shops:
D:4 !*:(


Message History

Aim: a two-headed ogre, wielding a +0 dire flail and a +0 giant club The searing ray hits the two-headed ogre!!
The two-headed ogre is moderately wounded. (Press . to maintain the ray.)
The searing ray hits the two-headed ogre!
The two-headed ogre is heavily wounded.
The searing ray hits the orc!
You kill the orc!
Sif Muna accepts your kill.
The two-headed ogre completely misses you.
The two-headed ogre hits you with a +0 giant club!
Okay, then.
You hit the two-headed ogre.
The two-headed ogre is heavily wounded.
The two-headed ogre misses you. The two-headed ogre closely misses you.
You barely miss the two-headed ogre.
The two-headed ogre is heavily wounded.
The two-headed ogre hits you with a +0 dire flail.
The two-headed ogre hits you with a +0 giant club!!
You die...

#.............#.#.# #........
###........>......#.# #........
#..........####†#.#.### #........
...........## #.......###........
#...........# #.#.###.......#####
#...........# #.#.###............
#...........# #.....#............
#...........#######.#.#..........
#.............#.@O...............
#...........#.#.#######..........
#..................)).#..........
#......))#.##.#.#####.#..........
#........#.##.#.# #.#..........
#........#......# #.#..........
#........####.### #.#..........
########## #.# #>########### #.#
#.#


You could see a two-headed ogre.

Vanquished Creatures
  Pikel (D:8)
  The ghost of reptisaurus the Sneak, a novice KoCK of Xom (D:4)
  Sigmund (D:3)
  2 orc warriors (D:7)
  2 slaves (D:8)
  3 ogres
  5 phantoms
  2 centaurs
  A bullfrog (D:7)
  A gnoll sergeant (D:7)
  4 howler monkeys
  3 crimson imps
  A centaur zombie (D:5)
  A gnoll shaman (D:4)
  A bullfrog skeleton (D:4)
  3 centaur skeletons
  3 hounds
  6 orc priests
  4 worker ants
  2 iguanas
  10 orc wizards
  2 hound skeletons
  Robin (D:3)
  7 gnolls
  16 adders
  A shadow imp (D:7)
  2 oozes
  An adder zombie (D:7)
  An adder skeleton (D:4)
  4 worms
  2 dart slugs
  4 leopard geckos
  32 orcs
  10 bats
  5 giant cockroaches
  16 goblins
  10 hobgoblins
  2 jackals (D:4)
  4 kobolds
  6 quokkas
  A ball python (D:2)
  4 frilled lizards
  A leopard gecko skeleton (D:7)
  A quokka zombie (D:7)
  6 rats
196 creatures vanquished.

Vanquished Creatures (others)
  A slave (D:8)
  An orc (D:8)
  17 fulminant prisms
19 creatures vanquished.

Grand Total: 215 creatures vanquished

Notes
Turn   | Place    | Note
-------+----------+-------------------------------------------
     0 | D:1      | raphialitos the Deep Elf Conjurer began the quest for the
                  | Orb.
     0 | D:1      | Reached XP level 1. HP: 10/10 MP: 6/6
   349 | D:1      | Reached XP level 2. HP: 15/15 MP: 8/8
   393 | D:1      | Reached skill level 5 in Conjurations
   785 | D:2      | Learned a level 2 spell: Searing Ray
   809 | D:2      | Reached XP level 3. HP: 19/19 MP: 0/10
   856 | D:2      | Noticed a phantom
  1174 | D:2      | Killed a phantom
  1174 | D:2      | Reached skill level 4 in Spellcasting
  1174 | D:2      | Reached XP level 4. HP: 22/24 MP: 2/12
  1367 | D:2      | Reached XP level 5. HP: 20/28 MP: 10/13
  1696 | D:2      | Found a faded altar of an unknown god.
  2407 | D:3      | Noticed Robin
  2414 | D:3      | Killed Robin
  2884 | D:3      | Reached XP level 6. HP: 32/32 MP: 9/15
  3291 | D:3      | Reached skill level 5 in Spellcasting
  3385 | D:3      | Noticed Sigmund
  3393 | D:3      | Learned a level 3 spell: Dazzling Flash
  3398 | D:3      | Learned a level 4 spell: Fulminant Prism
  3407 | D:3      | Killed Sigmund
  3407 | D:3      | Reached XP level 7. HP: 30/37 MP: 4/17
  3744 | D:4      | Reached skill level 1 in Fighting
  4003 | D:4      | Found a shimmering blue altar of Sif Muna.
  4051 | D:4      | Found Tiown's Antique Weapon Emporium.
  4104 | D:4      | Reached skill level 6 in Spellcasting
  4143 | D:4      | Reached skill level 1 in Hexes
  4300 | D:4      | Found a runed translucent gate.
  4300 | D:4      | Found a runed translucent gate.
  4367 | D:4      | Found Duph's Distillery.
  4392 | D:4      | Found a runed translucent gate.
  4392 | D:4      | Noticed reptisaurus's ghost (novice KoCK)
  4410 | D:4      | Found Ymnet's General Store.
  4432 | D:4      | Reached skill level 1 in Polearms
  4735 | D:4      | Found a bloodstained altar of Trog.
  4757 | D:4      | Found Fiklom's Book Shoppe.
  4918 | D:4      | Found a hide-covered altar of Uskayaw.
  5112 | D:5      | Entered Level 5 of the Dungeon
  5150 | D:5      | Reached XP level 8. HP: 31/44 MP: 7/19
  5160 | D:5      | Reached skill level 5 in Dodging
  5535 | D:5      | Got a translucent lapis lazuli ring
  5627 | D:5      | Reached skill level 7 in Spellcasting
  5952 | D:5      | Found a sparkling altar of Nemelex Xobeh.
  5952 | D:5      | Found an ancient bone altar of Kikubaaqudgha.
  5959 | D:5      | Found a staircase to the Ecumenical Temple.
  6153 | Temple   | Entered the Ecumenical Temple
  6317 | D:4      | Became a worshipper of Sif Muna the Loreminder
  6739 | D:6      | Learned a level 4 spell: Iskenderun's Mystic Blast
  7185 | D:6      | Identified the ring of Paim {*Tele rC++} (You found it on
                  | level 5 of the Dungeon)
  7339 | D:7      | Found a shattered altar of Ashenzari.
  7397 | D:7      | Reached skill level 8 in Spellcasting
  7536 | D:7      | Reached XP level 9. HP: 38/49 MP: 8/23
  7539 | D:7      | Reached * piety under Sif Muna
  7806 | D:7      | Got a warped flail
  7806 | D:7      | Identified the +6 flail "Relaz" {antimagic, rN+ MR++} (You
                  | found it on level 7 of the Dungeon)
  8077 | D:7      | Reached skill level 5 in Stealth
  8765 | D:4      | Killed reptisaurus's ghost
  8765 | D:4      | Reached skill level 9 in Spellcasting
  8982 | D:8      | Noticed Pikel
  8998 | D:8      | Killed Pikel
  8998 | D:8      | Reached skill level 1 in Maces & Flails
  9204 | D:8      | Noticed a two-headed ogre
  9241 | D:7      | Slain by a two-headed ogre

Illustrated notes

Levels and vault maps discovered:
D:1:      saegor_arrival_simple_c, layout_rooms
D:2:      layout_rooms, chequers_ecumenical_altar_simple,
          mrwooster_statue_mirror, minmay_door_square
D:3:      layout_loops_corners, uniq_robin, uniq_sigmund
D:4:      layout_loops_corners, lemuel_blue_sif_altar,
          eat_drink_and_be_merry_uskayaw, lightli_temple_of_fire, serial_shops,
          shop_fountains, nicolae_shop_behind_doors, shop,
          nicolae_shop_competitors_out_of_business, gammafunk_ghost_split
D:5:      layout_cave_pods, gammafunk_temple_overflow_elements,
          minmay_temple_entry_gardened_gates, first_ration
D:6:      layout_loops_corners
D:7:      layout_basic, nicolae_overflow_crystal_walls
D:8:      layout_gridville, uniq_pikel, uniq_psyche
Temple:   kb_temple_of_zot

Skill      XL: |  1  2  3  4  5  6  7  8  9 |
---------------+----------------------------+-----
Conjurations   | 5 6 7 8 |  8.7
Stealth        | 3 4 5 |  5.2
Spellcasting   | 4 5 6 8 9 |  9.3
Dodging        | 3 4 6 7 |  7.0
Fighting       | 2 3 |  3.7
Hexes          | 1 3 |  3.3
Polearms       | 1 3 |  3.4
Maces & Flails | 2 |  2.0
Short Blades   | |  0.7
Evocations     | |  0.6

Action                   |  1- 3 |  4- 6 |  7- 9 || total
-------------------------+-------+-------+-------++-------
Melee: Dagger            |    19 |    19 |       ||    38
       Scythe            |       |       |    82 ||    82
       Flail             |       |       |    65 ||    65
 Cast: Magic Dart        |    35 |    62 |   101 ||   198
       Searing Ray       |     2 |    18 |    40 ||    60
       Fulminant Prism   |       |       |    17 ||    17
Evoke: Wand              |       |       |     3 ||     3
  Use: Scroll            |       |    13 |     8 ||    21
       Potion            |       |       |     2 ||     2
 Stab: Sleeping          |     4 |     3 |     2 ||     9
       Distracted        |       |       |     1 ||     1
  Eat: Chunk             |     1 |     7 |    10 ||    18
       Ration            |       |       |     3 ||     3
Armor: Robe              |     1 |     6 |    68 ||    75
Dodge: Dodged            |    15 |    24 |   213 ||   252
